 Dungeon Crawl Stone Soup version 0.23.2-32-g37ab1d4649 (webtiles) character file.

Game seed: 7902079556039054838

119 EcosseEcosse the Skirmisher (level 4, -2/37 HPs)
             Began as a Demonspawn Fighter on June 25, 2019.
             Slain by a gnoll
             ... wielding a +0 halberd
              (4 damage)
             ... on level 2 of the Dungeon.
             The game lasted 00:04:20 (1323 turns).

EcosseEcosse the Skirmisher (Demonspawn Fighter)    Turns: 1323, Time: 00:04:21

Health: -2/37      AC:  6    Str: 16    XL:     4   Next: 74%
Magic:  4/4        EV:  7    Int:  9    God:
Gold:   53         SH:  9    Dex: 14    Spells: 3/3 levels left

rFire    . . .     SeeInvis .   a - +0 long sword
rCold    . . .     Gourm    .   c - +0 shield
rNeg     . . .     Faith    .   b - +0 scale mail
rPois    .         Spirit   .   (no helmet)
rElec    .         Reflect  .   (no cloak)
rCorr    .         Harm     .   (no gloves)
MR       .....                  (no boots)
Stlth    ..........             (no amulet)
HPRegen  0.12/turn              (no ring)
MPRegen  0.09/turn              (no ring)

@: no status effects
A: powered by death 1
a: no special abilities


You were on level 2 of the Dungeon.
You were not hungry.

You visited 1 branch of the dungeon, and saw 2 of its levels.

You collected 53 gold pieces.

Inventory:

Hand Weapons
 a - a +0 long sword (weapon)
Armour
 b - a +0 scale mail (worn)
 c - a +0 shield (worn)
 h - a +0 helmet
Scrolls
 e - a scroll of identify
 i - a scroll of noise {unknown}
 n - a scroll of magic mapping {unknown}
 o - a scroll of remove curse {unknown}
Potions
 d - a potion of might
 g - a potion of cancellation {unknown}
 j - a potion of flight {unknown}
 k - 2 potions of brilliance {unknown}
 m - a potion of haste {unknown}
Comestibles
 f - 3 rations


   Skills:
 + Level 3.7 Fighting
 + Level 3.0 Long Blades
 + Level 3.4 Armour
 + Level 0.4 Dodging
 + Level 3.0 Shields


You had 3 spell levels left.
You didn't know any spells.
Your spell library was empty.

Dungeon Overview and Level Annotations

Branches:
Dungeon (2/15)

Altars:
Ashenzari

Annotations:
D:2 Natasha


Innate Abilities, Weirdness & Mutations

You regenerate a little health from kills.


Message History

You kill the gnoll!
Natasha casts a spell.
The rat bites you but does no damage. You block the gnoll's attack.
You hear a shout!
You hit the rat.
You kill the rat!
The gnoll barely misses you.
You hit the gnoll.
The gnoll is moderately wounded.
The gnoll hits you with a +0 halberd. The gnoll hits you with a +0 halberd!
* * * LOW HITPOINT WARNING * * *
You slash the gnoll!
The gnoll is severely wounded.
The gnoll hits you with a +0 halberd.
* * * LOW HITPOINT WARNING * * *
You closely miss the gnoll.
The gnoll is severely wounded.
The gnoll misses you.
The gnoll hits you from afar with a +0 halberd.
You die...

###'##########'####
.......#..........#
.).....#..........#
#..).).#..........#
##.)...#...>......###g####
.#..)))...........#.......
.#.############..##.h.....
.#.# ##.##w..h... ##.#
#@.#gw..... †#.#
##.#....... .#.#
#g#hh..h.. .#.# #5h.h.....
##.# ##h##'#### #..# #..
..## ##.# ### .. #..


You could see an iron imp, Natasha, a gnoll and a jackal.

Vanquished Creatures
  Robin (D:2)
  5 gnolls (D:2)
  An adder (D:2)
  An ooze (D:1)
  A leopard gecko (D:2)
  11 hobgoblins
  5 jackals
  2 kobolds
  4 bats
  2 frilled lizards (D:1)
  11 goblins
  A rat (D:2)
45 creatures vanquished.

Notes
Turn   | Place    | Note
-------+----------+-------------------------------------------
     0 | D:1      | EcosseEcosse the Demonspawn Fighter began the quest for the
                  | Orb.
     0 | D:1      | Reached XP level 1. HP: 18/18 MP: 1/1
   247 | D:1      | Gained mutation: You regenerate a little health from kills.
                  | [demonic ancestry]
   247 | D:1      | Reached XP level 2. HP: 18/24 MP: 2/2
   822 | D:2      | Reached XP level 3. HP: 21/29 MP: 3/3
   846 | D:2      | Reached XP level 4. HP: 17/35 MP: 4/4
  1181 | D:2      | Found a shattered altar of Ashenzari.
  1263 | D:2      | Noticed Robin
  1286 | D:2      | Killed Robin
  1306 | D:2      | Noticed Natasha
  1321 | D:2      | HP: 1/37 [gnoll/+0 halberd (6)]
  1323 | D:2      | Slain by a gnoll

Skill      XL: |  1  2  3  4 |
---------------+-------------+-----
Long Blades    | 2 3 |  3.0
Armour         | 3 |  3.4
Shields        | 3 |  3.0
Fighting       | |  3.7
Dodging        | |  0.4

Action                   |  1- 3 |  4- 6 || total
-------------------------+-------+-------++-------
Melee: Long sword        |    90 |    81 ||   171
  Use: Scroll            |     1 |       ||     1
  Eat: Chunk             |       |     2 ||     2
Armor: Scale mail        |    38 |    37 ||    75
Dodge: Dodged            |    27 |    36 ||    63
Block: Shield            |    46 |    42 ||    88
       Rpst.: Long sword |     9 |     9 ||    18
